 Dungeon Sprint DCSS version 0.19.0-22-gd96e5fe (webtiles) character file.

50 equalderp2856 the Scratcher (level 3, -3/27 HPs)
             Began as a Felid Fighter on Nov 18, 2016.
             Slain by Crazy Yiuf
             ... wielding a +4 quarterstaff of chaos
              (4 damage)
             ... in the Dungeon (Sprint III: "The Ten Rune Challenge").
             The game lasted 00:00:43 (334 turns).

equalderp2856 the Scratcher (Felid Fighter)          Turns: 334, Time: 00:00:43

Health: -3/27      AC:  1    Str: 18    XL:     3   Next: 55%
Magic:  4/4        EV: 20    Int:  9    God:
Gold:   20         SH:  0    Dex: 15    Spells: 0 memorised, 2 levels left
                                        Lives:  0   Deaths: 0

rFire  . . .     SeeInvis +       - Unarmed
rCold  . . .     Gourm    .     (armour unavailable)
rNeg   . . .     Faith    .     (shield unavailable)
rPois  .         Spirit   .     (helmet unavailable)
rElec  .         Reflect  .     (cloak unavailable)
rCorr  .         Harm     .     (gloves unavailable)
MR     .....     NoTele   +     (boots unavailable)
Stlth  ..........               (no amulet)
                                (no ring)
                                (no ring)

@: berserking, drained, very quick
A: no armour, no weapons or thrown items, stealth, claws 1, fangs 3, see
invisible, carnivore 3, speed 1, shaggy fur 1, slow metabolism 1, sharp paws
a: no special abilities


You were in the Dungeon.
You were not hungry.

You visited 1 branch You collected 20 gold pieces.

Inventory:

Scrolls
 h - a scroll of blinking
Potions
 a - a potion of might
 c - a potion of curing
 e - a potion of haste
 f - 2 potions of magic
Comestibles
 b - a meat ration


   Skills:
 + Level 4.2(3.5) Fighting
 + Level 5.8(5.0) Dodging
 + Level 2.3(1.6) Stealth
 + Level 6.6(5.8) Unarmed Combat


You had 2 spell levels left.
You didn't know any spells.

Dungeon Overview and Level Annotations

Branches:
Dungeon (1/1)

Altars:

Annotations:
D Crazy Yiuf


Innate Abilities, Weirdness & Mutations

You cannot wear armour.
You are incapable of wielding weapons or throwing items.
Your paws allow you to move quietly. (Stealth)
You have sharp claws.
You have razor-sharp teeth.
You have supernaturally acute eyesight. (SInv)
You are carnivorous and can eat meat at any time.
You cover ground quickly.
You are covered in fur. (AC +1)
You have a slow metabolism.
Your sharp claws are effective at attacking unaware monsters.


Message History

Crazy Yiuf hits you with a quarterstaff of chaos!
Ouch! That really hurt!
* * * LOW HITPOINT WARNING * * *
You feel drained.
* * * LOW HITPOINT WARNING * * *
You feel much better.
Crazy Yiuf hits you with a quarterstaff of chaos.
You feel drained.
You barely miss Crazy Yiuf.
Crazy Yiuf is lightly wounded.
Crazy Yiuf completely misses you.
You scratch Crazy Yiuf.
Crazy Yiuf is moderately wounded.
Crazy Yiuf hits you with a quarterstaff of chaos!
Ouch! That really hurt!
* * * LOW HITPOINT WARNING * * *
A red film seems to cover your vision as you go berserk!
You feel yourself moving faster!
You feel mighty!
Crazy Yiuf hits you with a quarterstaff of chaos.
You die...

▓▓▓▓ ▓▓▓▓▓▓ ▓<.#
+....♣♣♣ ▓..#
#....♣.♣
▓#'####......♣
▓.....#....≈.♣♣
▓.....#.g.≈≈.....
▓.....#@.≈≈≈≈♣..♣
▓####'#..≈≈≈≈≈≈♣♣.
▓....[#.≈≈≈≈≈≈....
▓.....#.≈≈≈≈≈.....
▓.....#.≈≈≈.......
▓'#####...........
▓.................
▓▓▓▓▓▓▓▓▓▓▓▓▓▓▓▓▓▓


You could see Crazy Yiuf.

Vanquished Creatures
  Jessica (D)
  A human (D)
  An ooze (D)
  2 rats (D)
5 creatures vanquished.

Vanquished Creatures (others)
  2 draconian scorchers (D)
  6 hellions (D)
  A yaktaur (D)
9 creatures vanquished.

Grand Total: 14 creatures vanquished

Notes
Turn   | Place    | Note
-------+----------+-------------------------------------------
     0 | D        | equalderp2856 the Felid Fighter began the quest for the Orb.
     0 | D        | Reached XP level 1. HP: 10/10 MP: 2/2
     9 | D        | Reached skill level 1 in Stealth
    13 | D        | Noticed Jessica
    17 | D        | Killed Jessica
    17 | D        | Reached skill level 5 in Dodging
    17 | D        | Reached skill level 6 in Unarmed Combat
    17 | D        | Reached XP level 2. HP: 12/15 MP: 3/3
    17 | D        | Reached XP level 3. HP: 15/18 MP: 4/4
    67 | D        | Killed a hellion
    70 | D        | Killed a yaktaur
    74 | D        | Killed a hellion
   161 | D        | Killed a hellion
   162 | D        | Killed a hellion
   185 | D        | Killed a hellion
   188 | D        | Killed a white draconian scorcher
   209 | D        | Killed a white draconian scorcher
   238 | D        | Killed a hellion
   325 | D        | Noticed Crazy Yiuf
   334 | D        | Slain by Crazy Yiuf

Skill      XL: |  1 |
---------------+----+-----
Stealth        | 2 |  2.3
Fighting       | 4 |  4.2
Dodging        | 5 |  5.8
Unarmed Combat | 6 |  6.6

Action                   || total
-------------------------++-------
Melee: Unarmed           ||    18
       Bite              ||     3
       Punch             ||     1
  Use: Potion            ||     2
 Stab: Sleeping          ||     2
Dodge: Dodged            ||     8
